[Event "GrandPrix_30.05"]
[Site "Chess.com"]
[Date "2020.05.30"]
[Round "6"]
[White "Pidzsy"]
[Black "TheEternalPatzer"]
[Result "1-0"]
[WhiteElo "2214"]
[BlackElo "2044"]
[TimeControl "600+2"]
[EndTime "10:49:34 PDT"]
[Termination "Pidzsy won by resignation"]

1. e4 d6 2. d4 Nf6 3. Bd3 g6 4. h4 c5 5. d5 Bg7 6. h5 Nxh5 7. g4 Nf6 8. f3 h5 9. g5 Nfd7 10. c4 b5 11. Nc3 bxc4 12. Bxc4 Nb6 13. Be2 Ba6 14.
f4 Bxe2 15. Qxe2 e6 16. dxe6 fxe6 17. f5 Bxc3+ 18. bxc3 exf5 19. exf5+ Qe7 20. fxg6 Nc6 21. Bf4 Qxe2+ 22. Nxe2 O-O-O 23. O-O-O Nc4 24. Ng3 Rhg8 25. Rxh5 Rxg6 26. Rh6 Rdg8 27. Nf5 Rxh6 28. gxh6 Rf8 29. h7 Rh8 30. Nxd6+ Nxd6 31. Rxd6 Nd8 32. Rh6 Nf7 33. Rh5 Kd7 34. c4 Ke6 35. Bd2 Rc8 36. Bc3 Nh8 37.
Rg5 Kf7 38. Rg7+ Ke6 39. Rg8 1-0

[Event "GrandPrix_30.05"]
[Site "Chess.com"]
[Date "2020.05.30"]
[Round "6"]
[White "tsvet2005"]
[Black "Poghosyan_Suren"]
[Result "1-0"]
[WhiteElo "2249"]
[BlackElo "2123"]
[TimeControl "600+2"]
[EndTime "10:49:39 PDT"]
[Termination "tsvet2005 won by resignation"]

1. d4 Nf6 2. c4 c5 3. d5 b5 4. cxb5 a6 5. bxa6 Bxa6 6. Nc3 g6 7. e4 Bxf1 8. Kxf1 d6 9. g3 Bg7 10. Kg2 O-O 11. Nf3 Nbd7 12. a4 Ra6 13. Qc2 Qa8 14. Nb5 Qb7 15. Ra3 e6 16. dxe6 fxe6 17. Ng5 d5 18. exd5 exd5 19. Re1 h6 20. Ne6 Re8 21.
Nbc7 Raxe6 22. Nxe6 d4+ 23. f3 Kf7 24. Nxc5 Qd5 25.
Rxe8 Nxc5 26. Rc8 Nfd7 27. b4 Ne6 28. Qc4 Qe5 29. Rc6 Nf8 30. a5 Qe1 31. a6 d3 32.
Qxd3 Bd4 33. Be3 Qxb4 34. Bxd4 Nxd4 35. Qc4+ 1-0

[Event "GrandPrix_30.05"]
[Site "Chess.com"]
[Date "2020.05.30"]
[Round "6"]
[White "Novoselski"]
[Black "Promacherr"]
[Result "0-1"]
[WhiteElo "2307"]
[BlackElo "2210"]
[TimeControl "600+2"]
[EndTime "10:49:45 PDT"]
[Termination "Promacherr won by resignation"]

1. d4 d5 2. c4 c6 3. e3 Nf6 4.
Nc3 e6 5. Nf3 Nbd7 6. Bd3 Bd6 7.
Qc2 dxc4 8. Bxc4 b5 9. Be2 a6 10. O-O O-O 11. Rd1 Qe7 12. Ng5 Bb7 13. Bf3 e5 14. Nge4 Bc7 15. Nxf6+ Nxf6 16. Ne4 exd4 17.
Nxf6+ Qxf6 18. exd4 Rad8 19. Be3 Bb6 20. Qe4 Rfe8 21. Qg4 Bc8 22. Qg3 h6 23. Rac1 Rd6 24. h3 Bb7 25. Qg4 Red8 26. Qe4 Bxd4 27. Bxd4 Rxd4 28.
Rxd4 Rxd4 29. Qe8+ Kh7 30. Bxc6 Bxc6 31. Qxc6 Rd1+ 0-1

[Event "GrandPrix_30.05"]
[Site "Chess.com"]
[Date "2020.05.30"]
[Round "6"]
[White "ChessQueen"]
[Black "Lukianoo"]
[Result "0-1"]
[WhiteElo "2362"]
[BlackElo "2585"]
[TimeControl "600+2"]
[EndTime "10:49:56 PDT"]
[Termination "Lukianoo won by checkmate"]

1. e4 c6 2. c4 e5 3. Nf3 d6 4. d4 Nd7 5. Nc3 Ngf6 6. Be2 Be7 7.
O-O O-O 8. Re1 a6 9. d5 cxd5 10. cxd5 b5 11. b4 Nb6 12. Nd2 Bd7 13. Bb2 Rc8 14. Rc1 Rc7 15. Bd3 Qb8 16. Qf3 Rfc8 17. h3 g6 18. Qe3 Nh5 19. Ne2 Na4 20. Rxc7 Rxc7 21. Ba1 Qd8 22. Nb3 Bg5 23. Qf3 Nf4 24. Nxf4 Bxf4 25. Re2 Qc8 26. Re1 h5 27. Qe2 Nc3 28.
Bxc3 Rxc3 29. Rd1 h4 30. Qb2 Bxh3 31. Bf1 Bg4 32. Rd3 Rc2 33. Qb1 Be2 34. Bxe2 Rxe2 35. Na5 Qc2 36. Qxc2 Re1# 0-1

[Event "GrandPrix_30.05"]
[Site "Chess.com"]
[Date "2020.05.30"]
[Round "6"]
[White "Alexander_Donchenko"]
[Black "grunbergmihai"]
[Result "1-0"]
[WhiteElo "2611"]
[BlackElo "2300"]
[TimeControl "600+2"]
[EndTime "10:50:12 PDT"]
[Termination "Alexander_Donchenko won by resignation"]

1. e4 Nf6 2. e5 Nd5 3. d4 d6 4. Nf3 dxe5 5. Nxe5 c6 6. Be2 Bf5 7.
O-O Nd7 8. Nf3 e6 9. c4 N5f6 10. Nc3 Be7 11. Nh4 Bg6 12. Re1 O-O 13. Nxg6 hxg6 14.
Bf4 Nb6 15. b3 c5 16. Be3 cxd4 17. Qxd4 Qxd4 18. Bxd4 Rfd8 19. Nb5 Rd7 20. Red1 Rad8 21. Be3 Rxd1+ 22. Rxd1 Ra8 23. Bf3 Nbd7 24. Bxa7 Bc5 25.
Bxb7 Rxa7 26. Nxa7 Bxa7 27. b4 Kf8 28. c5 Nxc5 29.
bxc5 Bxc5 30. a4 Ke7 31. a5 Ng4 32. Rd2 Ne5 33. a6 Ba7 34. Kf1 Nc4 35. Rc2 Nd6 36.
Ke2 Kd7 37. g3 e5 38. Bd5 f5 39. Rc6 Nb5 40. Kf1 Nc7 41. Bg2 g5 42. Rg6 Ne6 43. Bd5 Nc7 44. Rxg7+ Kd6 45. Bb7 g4 46. Rf7 1-0

[Event "GrandPrix_30.05"]
[Site "Chess.com"]
[Date "2020.05.30"]
[Round "6"]
[White "AnotherGrumpy"]
[Black "Winawer81"]
[Result "0-1"]
[WhiteElo "1954"]
[BlackElo "2155"]
[TimeControl "600+2"]
[EndTime "10:50:31 PDT"]
[Termination "Winawer81 won by resignation"]

1. d4 Nf6 2. c4 e6 3. Nf3 b6 4. g3 Bb4+ 5. Bd2 Be7 6. Bg2 c6 7.
O-O d5 8. Qc2 O-O 9. Nc3 Ba6 10.
cxd5 cxd5 11. Rfe1 Nc6 12. Rac1 Rc8 13. Qb1 b5 14. a3 Qb6 15. e3 Na5 16. Ne5 Nc4 17. Rcd1 Nxe5 18. dxe5 Nd7 19. f4 Bb7 20. Kh1 Rfd8 21.
Ne2 Nc5 22. Nd4 Ne4 23. Rf1 Bc5 24. Be1 a5 25. f5 b4 26. axb4 axb4 27. fxe6 fxe6 28.
Bh3 Bxd4 29. exd4 Ba6 30. Rf4 Be2 31. Rc1 g5 32. Rxc8 Rxc8 33. Rxe4 dxe4 34. Qxe4 Bc4 35. Qe3 Qd8 36. Kg1 h6 37. Qe4 Kg7 38. Bg4 Qd5 39.
Qxd5 Bxd5 40. Bxb4 Rc2 41. Bc3 Kg6 42. h3 h5 0-1

[Event "GrandPrix_30.05"]
[Site "Chess.com"]
[Date "2020.05.30"]
[Round "6"]
[White "levvard"]
[Black "tacticthunder"]
[Result "1-0"]
[WhiteElo "2065"]
[BlackElo "2207"]
[TimeControl "600+2"]
[EndTime "10:50:48 PDT"]
[Termination "levvard won by resignation"]

1. e4 c5 2. d4 cxd4 3. c3 dxc3 4. Nf3 Nc6 5. Nxc3 d6 6. Bc4 e6 7. O-O Nf6 8. Bf4 a6 9. a4 Be7 10. e5 dxe5 11. Qxd8+ Bxd8 12. Nxe5 Nxe5 13. Bxe5 Bd7 14. Rfd1 Rc8 15. b3 Bc6 16. b4 Bb6 17. b5 Bd7 18. Be2 a5 19. Ra2 Nd5 20. Ne4 O-O 21. Nd6 f6 22. Nxc8 Rxc8 23. Ba1 Be8 24. Bg4 f5 25. Bf3 Bf7 26. g3 h6 27. h4 Rc4 28.
Kh2 Kh7 29. Be5 g5 30. hxg5 hxg5 31. Rdd2 f4 32. Rdc2 fxg3+ 33. fxg3 Rb4 34. Rc8 g4 35. Bh1 Ne3 36. Rh8+ Kg6 37. Rf2 Nd5 38. Rf1 Bd4 39. Be4+ Kg5 40. Rxf7 Rb2+ 41. Kh1 Bxe5 42. Rg8+ Bg7 43.
Rgxg7+ Kh6 44. Rg6+ 1-0

[Event "GrandPrix_30.05"]
[Site "Chess.com"]
[Date "2020.05.30"]
[Round "6"]
[White "ZverevLev"]
[Black "Iljin_Timofey"]
[Result "0-1"]
[WhiteElo "2105"]
[BlackElo "2250"]
[TimeControl "600+2"]
[EndTime "10:50:53 PDT"]
[Termination "Iljin_Timofey won by resignation"]

1. e4 c5 2. Nf3 Nc6 3. d4 cxd4 4. Nxd4 Nf6 5. Nc3 e5 6. Ndb5 d6 7. Bg5 a6 8. Na3 b5 9. Bxf6 gxf6 10. Nd5 Bg7 11.
g3 f5 12. Bg2 O-O 13. exf5 Bxf5 14. Ne3 Ne7 15. Nxf5 Nxf5 16. Qd3 Nd4 17. c3 Ne6 18. Bxa8 Qxa8 19. O-O Ng5 20. f3 d5 21. Nc2 e4 22.
fxe4 dxe4 23. Qe3 Nf3+ 24. Kg2 f5 25. Nd4 Bxd4 26. cxd4 Qd5 27. Kh1 Rf6 28. Rac1 Qxa2 29. Rxf3 exf3 30. Qg5+ Rg6 31. Qd8+ Kf7 32. Rc7+ Ke6 33.
Re7+ Kf6 34. Re5+ Kg7 35. Re7+ Kh6 36. Qf8+ Kg5 37. Re1 Qxb2 38. Qe7+ Rf6 39. Qe3+ f4 40. gxf4+ Kg6 41. Qe8+ Kh6 42. Rg1 f2 43. Rf1 Qxd4 44. Qa8 Qxf4 45. Qg2 Qf3 46. Rxf2 Qxg2+ 47. Rxg2 Rf1+ 0-1

[Event "GrandPrix_30.05"]
[Site "Chess.com"]
[Date "2020.05.30"]
[Round "6"]
[White "SergeyVashchilov"]
[Black "SamadovRead"]
[Result "0-1"]
[WhiteElo "2021"]
[BlackElo "1969"]
[TimeControl "600+2"]
[EndTime "10:50:56 PDT"]
[Termination "SamadovRead won by checkmate"]

1. e4 c5 2. Nf3 e6 3. b3 Nc6 4. Bb2 a6 5. g3 d6 6. Bg2 Nf6 7. Qe2 e5 8. O-O Be7 9. c3 O-O 10. d4 exd4 11. cxd4 Bg4 12. h3 Bxf3 13.
Bxf3 Nxd4 14. Bxd4 cxd4 15. Rd1 Nd7 16. Nd2 Bf6 17.
Rac1 Ne5 18. Bg2 Rc8 19. f4 Rxc1 20. Rxc1 Nc6 21. Nf3 Re8 22. Kh2 g6 23. Ne1 h5 24.
Nd3 h4 25. g4 g5 26. e5 dxe5 27. Bxc6 bxc6 28. fxe5 Qd5 29. Qd2 Bxe5+ 30. Kg1 Bg7 31.
Rc5 Qf3 32. Rxg5 Qg3+ 33. Kf1 Qxh3+ 34. Kg1 Re3 35. Nf2 Rg3# 0-1

[Event "GrandPrix_30.05"]
[Site "Chess.com"]
[Date "2020.05.30"]
[Round "6"]
[White "SavelievAlexei"]
[Black "Natalya_Buksa"]
[Result "0-1"]
[WhiteElo "2154"]
[BlackElo "2101"]
[TimeControl "600+2"]
[EndTime "10:51:14 PDT"]
[Termination "Natalya_Buksa won by resignation"]

1. d4 d5 2. Nc3 Nf6 3. Bf4 e6 4. e3 a6 5. g4 Bd6 6. Qf3 Bxf4 7.
exf4 Qd6 8. h4 c5 9. dxc5 Qxc5 10. O-O-O Nc6 11. g5 Nd7 12. f5 Nde5 13. Qf4 Bd7 14. Bg2 O-O-O 15. Nge2 Nc4 16. a3 Na7 17. Qg3 Qb6 18. b3 Nxa3 19. Rd3 Qc7 20. Qe3 Kb8 21. f4 N3b5 22. Na4 Nd6 23. fxe6 Bxa4 24. bxa4 Nc4 25.
Qd4 fxe6 26. Nc3 Nc6 27. Qc5 Qxf4+ 28. Kb1 Qd6 29. Qxd6+ Nxd6 30. Re1 Rhe8 31. Bh3 Ne4 32. Nxe4 dxe4 33. Rxd8+ Rxd8 34. Rxe4 e5 35. Bf5 g6 36.
Be6 Rd4 37. Rxd4 Nxd4 38. Bg8 Nf5 39. h5 gxh5 40. Bxh7 Ng7 41. Kc1 Kc7 42. Be4 b6 43.
Kd2 Kd6 44. Ke3 Ne6 45. g6 Ke7 46. Bd3 a5 47. Ke4 Kf6 48. Kd5 Nf4+ 49. Kc6 Nxd3 50. cxd3 h4 0-1

[Event "GrandPrix_30.05"]
[Site "Chess.com"]
[Date "2020.05.30"]
[Round "6"]
[White "bratkoo"]
[Black "ehrenfeld"]
[Result "1-0"]
[WhiteElo "2208"]
[BlackElo "2001"]
[TimeControl "600+2"]
[EndTime "10:51:30 PDT"]
[Termination "bratkoo won by resignation"]

1. e4 e5 2. Bc4 Nf6 3. d3 Nc6 4. Nf3 h6 5. a4 d6 6. O-O g5 7. c3 Bg7 8. Re1 g4 9. Nfd2 O-O 10. Nf1 d5 11. exd5 Nxd5 12. Ng3 Nde7 13. Nd2 Qd6 14. b4 Qg6 15. b5 Na5 16. Ba3 Re8 17. d4 Nf5 18.
Bd3 Qg5 19. Nde4 Qh4 20. Bb4 b6 21. Nxf5 Bxf5 22. Ng3 Bxd3 23. Qxd3 exd4 24. Nf5 Qg5 25.
cxd4 Bf8 26. Bd2 Qg6 27. f3 gxf3 28. Qxf3 Nc4 29. Bxh6 Bxh6 30. Ne7+ Rxe7 31. Qxa8+ Kg7 32. Rxe7 Be3+ 33. Kh1 Bxd4 34. Rf1 Ne5 35. Qd5 1-0

[Event "GrandPrix_30.05"]
[Site "Chess.com"]
[Date "2020.05.30"]
[Round "6"]
[White "chess_big_master"]
[Black "Borisss85"]
[Result "1-0"]
[WhiteElo "2072"]
[BlackElo "2132"]
[TimeControl "600+2"]
[EndTime "10:51:51 PDT"]
[Termination "chess_big_master won by resignation"]

1. d4 Nf6 2. Nf3 g6 3. g3 Bg7 4.
Bg2 O-O 5. O-O d5 6. c3 c6 7. a4 Bf5 8. a5 Bxb1 9. Rxb1 Qxa5 10. Bf4 Nbd7 11. Qb3 Qb6 12. Qa3 Rfe8 13. Ne5 Nxe5 14.
dxe5 Nd7 15. Be3 Qc7 16. f4 e6 17. b4 f6 18. exf6 Nxf6 19. h3 e5 20. Qa2 Nh5 21. f5 a6 22. Qc2 e4 23. g4 Ng3 24. f6 Nxf1 25. Rxf1 Rf8 26. fxg7 Rxf1+ 27. Kxf1 Qg3 28. Qd2 Kxg7 29. Bh6+ Kf7 30. Qd4 Ke6 31. c4 Rd8 32.
e3 Qd6 33. Bf4 Qxb4 34. cxd5+ 1-0

[Event "GrandPrix_30.05"]
[Site "Chess.com"]
[Date "2020.05.30"]
[Round "6"]
[White "TheNextLevelFan"]
[Black "LANCELOT96"]
[Result "0-1"]
[WhiteElo "2217"]
[BlackElo "2226"]
[TimeControl "600+2"]
[EndTime "10:52:06 PDT"]
[Termination "LANCELOT96 won by resignation"]

1. d4 d5 2. c4 c6 3. Nf3 Nf6 4. e3 Bg4 5. Nc3 e6 6. h3 Bh5 7. Be2 Nbd7 8. O-O Bd6 9. Nd2 Bg6 10. Bf3 O-O 11. Re1 Qc7 12. e4 dxe4 13. Ndxe4 Nxe4 14. Nxe4 Bf4 15. Qb3 Bxc1 16. Raxc1 Bxe4 17. Bxe4 Rad8 18.
Bf3 Nf6 19. d5 exd5 20. cxd5 c5 21. Qc4 Rc8 22. b4 b6 23. bxc5 bxc5 24. Qa6 Qb6 25.
Qa3 Rc7 26. Rc4 Rfc8 27. h4 Ne8 28. Bg4 Rd8 29. h5 h6 30. Bf3 Nd6 31. Rg4 c4 32. Qc3 f6 33. Qxf6 Rf7 34. Qxh6 c3 35. Qg6 Nb5 36.
Re6 Qc7 37. Rc6 Qe5 38. h6 Nd4 39. h7+ Kh8 40. Qxf7 Nxc6 41. dxc6 c2 42. Qg8+ Rxg8 43. hxg8=Q+ Kxg8 44. Rc4 Qe1+ 45. Kh2 c1=Q 46. Bd5+ Kf8 47. c7 Qxc4 48. Bxc4 Qe5+ 0-1

[Event "GrandPrix_30.05"]
[Site "Chess.com"]
[Date "2020.05.30"]
[Round "6"]
[White "Arasvard"]
[Black "LuckyLuka04"]
[Result "0-1"]
[WhiteElo "1997"]
[BlackElo "2161"]
[TimeControl "600+2"]
[EndTime "10:52:09 PDT"]
[Termination "LuckyLuka04 won by resignation"]

1. d4 Nf6 2. c4 a6 3. Nc3 c5 4. d5 b5 5. cxb5 axb5 6. e4 b4 7. Nb5 d6 8. Bf4 g5 9. Bxg5 Nxe4 10. Be3 Bg7 11. Bd3 Nf6 12. Ne2 Ba6 13. Ng3 Nxd5 14.
Nf5 Bxb2 15. Nbxd6+ exd6 16. Bxa6 Rxa6 17. Qxd5 Bxa1 18.
O-O Qf6 19. Re1 O-O 20. Bg5 Qc3 21. Re4 Nd7 22. Nh6+ Kg7 23. Nf5+ Kh8 24. h3 Nf6 0-1

[Event "GrandPrix_30.05"]
[Site "Chess.com"]
[Date "2020.05.30"]
[Round "6"]
[White "LorisinoC"]
[Black "BogdanBelyakov89"]
[Result "1-0"]
[WhiteElo "2195"]
[BlackElo "2227"]
[TimeControl "600+2"]
[EndTime "10:52:15 PDT"]
[Termination "LorisinoC won by resignation"]

1. e4 e5 2. Nf3 Nc6 3. Bc4 Bc5 4. c3 Nf6 5. d4 exd4 6. cxd4 Bb4+ 7. Nbd2 Nxe4 8. d5 Ne7 9. O-O Nxd2 10. Bxd2 Bxd2 11. d6 cxd6 12. Qxd2 d5 13. Bxd5 Nxd5 14. Rfe1+ Ne7 15.
Qd6 O-O 16. Rxe7 Qb6 17. Qxb6 axb6 18. a3 d5 19. Rd1 Rd8 20. Rxd5 Be6 21. Rd4 Rxd4 22.
Nxd4 Rd8 23. h3 Kf8 24. Rxe6 Rxd4 25. Rxb6 Rd7 26. a4 Ke7 27. Kf1 Kd8 28. b4 Kc7 29. a5 Rd2 30. g3 Rb2 31. Kg2 Rb3 32. h4 Kc8 33. h5 h6 34. g4 Kc7 35. f4 f6 36. g5 fxg5 37. fxg5 hxg5 38. Rg6 Rxb4 39. Rxg7+ Kb8 40. Rxg5 Rh4 41. Kg3 Rh1 42. Kg4 Ka7 43. Kf5 Rc1 44. h6 Rc5+ 45. Kg6 Rc6+ 46. Kh5 Rc7 47.
Rf5 Ka6 48. Kg6 Rc1 49. h7 Rc8 50. Kg7 Rc7+ 51. Rf7 Rc8 52. h8=Q Rxh8 53. Kxh8 Kxa5 54. Rxb7 1-0

[Event "GrandPrix_30.05"]
[Site "Chess.com"]
[Date "2020.05.30"]
[Round "6"]
[White "Murad_Ibrahimli"]
[Black "Shahinyan_ChessMood"]
[Result "1-0"]
[WhiteElo "2580"]
[BlackElo "2389"]
[TimeControl "600+2"]
[EndTime "10:52:25 PDT"]
[Termination "Murad_Ibrahimli won by resignation"]

1. d4 Nf6 2. c4 c5 3. d5 e6 4. Nc3 exd5 5. cxd5 d6 6. Nf3 g6 7. Bf4 Bg7 8. Qa4+ Bd7 9. Qb3 Qc7 10. e4 O-O 11.
Be2 b5 12. e5 Nh5 13. exd6 Qb6 14. Be3 a6 15. O-O Rc8 16. a4 b4 17. Ne4 Nf6 18. a5 Qa7 19. Nxc5 Rxc5 20. Rac1 Rxc1 21. Bxa7 Rxf1+ 22. Kxf1 Rxa7 23. Qxb4 Bb5 24. Bxb5 axb5 25. Qxb5 Nfd7 26. b4 Bf8 27. Nd4 Bxd6 28. Nc6 Rc7 29. a6 Nxc6 30. dxc6 Ne5 31. Qb8+ Kg7 32. Qxc7 Bxc7 33.
a7 Nxc6 34. a8=Q Nxb4 35. Qe4 Bxh2 36. g3 Na6 37. Qd4+ Kg8 38. Qd6 1-0

[Event "GrandPrix_30.05"]
[Site "Chess.com"]
[Date "2020.05.30"]
[Round "6"]
[White "AlexVanGog"]
[Black "Ave_Mariia"]
[Result "1-0"]
[WhiteElo "2448"]
[BlackElo "2202"]
[TimeControl "600+2"]
[EndTime "10:52:25 PDT"]
[Termination "AlexVanGog won by resignation"]

1. d4 Nf6 2. c4 e6 3. Nf3 Bb4+ 4. Nbd2 O-O 5. a3 Bxd2+ 6. Qxd2 b6 7. e3 Bb7 8. Be2 d6 9. O-O Nbd7 10. b4 e5 11. d5 Ne4 12. Qc2 f5 13. Nd2 Ndf6 14. Nxe4 Nxe4 15. f3 Ng5 16. a4 Qf6 17. a5 h5 18. Bd2 h4 19. h3 Qg6 20. Kh1 Rae8 21.
axb6 axb6 22. Ra7 Rb8 23. Be1 Qh6 24. Bf2 e4 25. f4 Nh7 26. c5 bxc5 27. bxc5 Bxd5 28.
Rxc7 dxc5 29. Qxc5 Qe6 30. Bxh4 Rfc8 31. Rc1 Rxc7 32.
Qxc7 Ra8 33. Bf1 Nf8 34. Be1 Ra3 35. Bb4 Ra8 36. Bc3 Qf7 37. Qxf7+ Kxf7 38. g4 fxg4 39. hxg4 Ne6 40. Be5 g6 41. Rd1 Ra5 42. Kg1 Ke7 43. Bg2 Rc5 44. Ra1 Nd8 45. Bd4 Rc7 46. f5 gxf5 47. gxf5 Nc6 48. Bc3 Kf7 49. Rd1 Ne7 50.
Be5 Rc5 51. Bd6 Rb5 52. Bh3 Bb3 53. Rb1 Bc4 54. Rc1 Bd5 55. Rc7 Rb7 56. Rc5 Bb3 57.
Kf2 Rd7 58. Bxe7 Rxe7 59. Kg3 Rd7 60. Kf4 Bd5 61. Bg2 Bb7 62. Bxe4 Bxe4 63. Kxe4 Re7+ 64. Kf4 Kf6 65. Rc6+ Kf7 66. e4 Rb7 67. e5 Rb1 68.
Rc7+ Kf8 69. e6 1-0

[Event "GrandPrix_30.05"]
[Site "Chess.com"]
[Date "2020.05.30"]
[Round "6"]
[White "Frozygul"]
[Black "yamalchess"]
[Result "1/2-1/2"]
[WhiteElo "2200"]
[BlackElo "2354"]
[TimeControl "600+2"]
[EndTime "10:52:28 PDT"]
[Termination "Game drawn by agreement"]

1. d4 f5 2. e4 fxe4 3. Nc3 Nf6 4. Bg5 Nc6 5. d5 Ne5 6. Qe2 c6 7. d6 Qa5 8. O-O-O Nd3+ 9. cxd3 Qxg5+ 10. Kb1 exd6 11.
Nxe4 Nxe4 12. Qxe4+ Kd8 13. d4 d5 14. Nf3 Qf6 15. Qc2 d6 16. Bd3 Bg4 17. Rde1 g6 18.
h4 Bxf3 19. gxf3 Bh6 20. h5 Kc7 21. hxg6 hxg6 22. Bxg6 Bf4 23. Bh5 Raf8 24. Bg4 Rxh1 25. Rxh1 Rf7 26. Rh7 Bh6 27. Qf5 Qxf5+ 28. Bxf5 Rxh7 29.
Bxh7 Bg7 30. f4 Bxd4 31. f3 Bf6 32. Kc2 c5 33. Bg8 Kc6 34. a4 c4 35. b3 Kc5 36.
f5 a5 37. Be6 b6 38. Bg8 Kd4 39. Bf7 Bd8 40. f6 Bxf6 41. Bg6 Kc5 42. Bf7 Be5 43. Be6 Bg7 44. Bf7 c3 45. Kd3 d4 46.
Bc4 d5 47. Bb5 Kb4 48. Kc2 Be5 49. Bd3 Bf4 50. Bh7 Be5 51. Bd3 Bf6 52. Bg6 d3+ 53. Bxd3 Kc5 54. Bf5 Kd4 55. Bd3 Ke3 56. Bb5 Kxf3 57.
Bd3 Ke3 58. Bb5 Kd4 59. Bd3 Kc5 60. Bb5 Kb4 61. Bd3 Ka3 62. Bb5 d4 63. Bd3 Kb4 64. Bb5 Bg7 65. Bd3 Bh6 66. Bb5 Be3 67. Bd3 Bd2 68. Bb5 Kc5 69. Bd3 Bf4 70. Bb5 Bd6 71.
Bd3 Kd5 72. Bb5 Bb4 73. Bd3 Ke5 74. Bb5 1/2-1/2

[Event "GrandPrix_30.05"]
[Site "Chess.com"]
[Date "2020.05.30"]
[Round "6"]
[White "Gurvich_Vitaly"]
[Black "Hakob-Hakobyan-Arm"]
[Result "0-1"]
[WhiteElo "2220"]
[BlackElo "2167"]
[TimeControl "600+2"]
[EndTime "10:52:34 PDT"]
[Termination "Hakob-Hakobyan-Arm won by resignation"]

1. e4 Nc6 2. Nf3 d6 3. d4 Nf6 4. Nc3 g6 5. Bb5 a6 6. Bxc6+ bxc6 7. h3 Bg7 8. Qe2 O-O 9. O-O Nd7 10. e5 c5 11. e6 fxe6 12. Ng5 cxd4 13. Nxe6 Qe8 14. Nd5 Qf7 15. Ndxc7 Rb8 16. Re1 Ne5 17. Nxf8 Kxf8 18. f4 d3 19. cxd3 Nc6 20. Ne6+ Bxe6 21. Qxe6 Qxe6 22. Rxe6 Nd4 23. Re4 d5 24. Re3 Nc2 25.
Rb1 Bd4 26. Kf2 Na3 27. Ra1 Nc2 28. Rb1 Na3 29. Ra1 Bxe3+ 30. Bxe3 Rxb2+ 31. Kf3 Nc2 32. Rg1 Nxe3 33. Kxe3 Rxa2 34. Kd4 e6 35. Rc1 Kf7 36.
g4 Kf6 37. Rc7 h6 38. Rh7 a5 39. h4 Ra4+ 40. Ke3 e5 41. fxe5+ Kxe5 42. Rxh6 Rxg4 43. h5 g5 44. Ra6 a4 45. h6 Rh4 46. h7 Rxh7 47. Rxa4 Rh3+ 48. Ke2 Rh2+ 49. Kf3 Rh3+ 50. Ke2 Rh4 51. Ra8 Rf4 52. Rg8 Kf5 53. Rf8+ Kg4 54.
Rd8 d4 55. Rg8 Kh4 56. Rh8+ Kg3 0-1

[Event "GrandPrix_30.05"]
[Site "Chess.com"]
[Date "2020.05.30"]
[Round "6"]
[White "KuzubovYuriy"]
[Black "francyIM"]
[Result "1-0"]
[WhiteElo "2539"]
[BlackElo "2567"]
[TimeControl "600+2"]
[EndTime "10:52:35 PDT"]
[Termination "KuzubovYuriy won by resignation"]

1. d4 Nf6 2. c4 e6 3. Nf3 c5 4. e3 b6 5. Nc3 g6 6. e4 cxd4 7. Nxd4 d6 8. Bg5 h6 9. Bh4 g5 10. Bg3 Bb7 11. Ndb5 e5 12. f3 a6 13.
Na3 Nbd7 14. Nc2 Nc5 15. Ne3 Ne6 16. Qd2 Nd4 17. Ne2 Ne6 18. O-O-O Rc8 19. Kb1 Nh5 20. Bf2 Nhf4 21. Nf5 Rc6 22. Nc3 Ng7 23. g3 Nfe6 24. h4 gxh4 25. Nxh4 Be7 26. Nd5 Bg5 27. f4 Bf6 28.
Nf5 Nxf5 29. exf5 Nc5 30. Bg2 Bg7 31. g4 exf4 32. Rhe1+ Kf8 33. Nxf4 Rc7 34. Qxd6+ Qxd6 35. Rxd6 Kg8 36. Bxc5 bxc5 37. Bxb7 Rxb7 38. f6 Bf8 39.
Re8 Kh7 40. Rdd8 h5 41. gxh5 Rg8 42. Rxf8 Rg1+ 43. Kc2 1-0

[Event "GrandPrix_30.05"]
[Site "Chess.com"]
[Date "2020.05.30"]
[Round "6"]
[White "eristeski7"]
[Black "IwkooO"]
[Result "0-1"]
[WhiteElo "2147"]
[BlackElo "2345"]
[TimeControl "600+2"]
[EndTime "10:52:53 PDT"]
[Termination "IwkooO won on time"]

1. e4 c5 2. Nf3 e6 3. d4 cxd4 4. Nxd4 Nc6 5. Nc3 a6 6. f4 Nxd4 7. Qxd4 b5 8. Be3 Bb7 9. O-O-O Rc8 10. a3 Nf6 11. e5 Bc5 12. Qd2 Bxe3 13. Qxe3 Nd5 14.
Nxd5 Bxd5 15. f5 Qa5 16. Rd4 g6 17. fxg6 hxg6 18. h4 Qc7 19. Bd3 Rh5 20. Re1 Bxg2 21. Rg4 Bd5 22. Qf4 Rf5 23. Qe3 Rf3 24. Qe2 Qc5 25.
Qd2 Rf2 26. Re2 Rf1+ 27. Re1 Rxe1+ 28. Qxe1 Bf3 29. Rg3 Bh5 30. Qd2 Qxe5 31. Re3 Qf6 32. Qe1 d5 33. Kb1 Kf8 34. Re5 Qf3 0-1

[Event "GrandPrix_30.05"]
[Site "Chess.com"]
[Date "2020.05.30"]
[Round "6"]
[White "tianachess"]
[Black "esskeettit"]
[Result "1-0"]
[WhiteElo "2012"]
[BlackElo "2079"]
[TimeControl "600+2"]
[EndTime "10:52:54 PDT"]
[Termination "tianachess won by checkmate"]

1. d4 Nf6 2. Nf3 e6 3. c4 d5 4. Nc3 Bb4 5. Bg5 c5 6. cxd5 exd5 7. Bxf6 Qxf6 8. e3 c4 9. Be2 O-O 10. O-O Bxc3 11. bxc3 Nc6 12. Nd2 b5 13. e4 dxe4 14.
Nxe4 Qg6 15. Bf3 Bf5 16. Re1 Rad8 17. Ng3 Bd3 18. a3 a5 19. d5 Na7 20. Ne2 Bxe2 21. Qxe2 Nc8 22. a4 Nd6 23. axb5 Rfe8 24. Qb2 Rxe1+ 25.
Rxe1 h6 26. h3 Rb8 27. b6 Nf5 28. Qb5 Rxb6 29. Qe8+ Kh7 30. Be4 Rf6 31. Qc8 Qg5 32.
d6 g6 33. d7 Rd6 34. Bxf5 gxf5 35. Qe8 Qf6 36. Re7 Rd1+ 37. Kh2 Qd6+ 38. g3 Qc6 39. Qxf7+ Kh8 40. Qg7# 1-0

[Event "GrandPrix_30.05"]
[Site "Chess.com"]
[Date "2020.05.30"]
[Round "6"]
[White "WhiteCapital80"]
[Black "Gareth-Bale11"]
[Result "1-0"]
[WhiteElo "2413"]
[BlackElo "2432"]
[TimeControl "600+2"]
[EndTime "10:52:55 PDT"]
[Termination "WhiteCapital80 won by resignation"]

1. e4 e5 2. Nf3 Nc6 3. Bb5 a6 4. Ba4 Nf6 5. d4 exd4 6. O-O Be7 7. e5 Ne4 8. Nxd4 Nc5 9. Nf5 Bf8 10. Bxc6 dxc6 11. Qxd8+ Kxd8 12. Nd4 Bd7 13. Nc3 Kc8 14. Be3 Be7 15. f4 Re8 16. Rae1 b5 17. f5 Bf8 18. Bd2 Kb7 19. b4 Na4 20. Nxa4 bxa4 21. e6 fxe6 22. fxe6 Bc8 23. Rf7 c5 24. bxc5 Bxc5 25.
Rb1+ Bb6 26. Bf4 a5 27. Rxc7+ Ka6 28. Rc6 Rxe6 29. Rbxb6+ 1-0

[Event "GrandPrix_30.05"]
[Site "Chess.com"]
[Date "2020.05.30"]
[Round "6"]
[White "mishikomchedlishvili"]
[Black "rim1618"]
[Result "1-0"]
[WhiteElo "2564"]
[BlackElo "2377"]
[TimeControl "600+2"]
[EndTime "10:53:00 PDT"]
[Termination "mishikomchedlishvili won by resignation"]

1. d4 Nf6 2. Bg5 e6 3. e4 h6 4.
Bxf6 Qxf6 5. c3 d5 6. Nd2 c5 7.
Ngf3 Nc6 8. Bb5 cxd4 9. Nxd4 Bc5 10. exd5 exd5 11. Qe2+ Kf8 12. O-O g6 13. N2b3 Bb6 14.
Qf3 Qxf3 15. Nxf3 Bg4 16. Bxc6 bxc6 17. Ne5 Bf5 18. Nxc6 Kg7 19. Rfe1 Rhe8 20. Nbd4 Bd7 21.
Ne5 Bc8 22. Rad1 Bb7 23. Nd7 Bxd4 24. cxd4 Bc6 25. Nc5 a5 26. f3 Rxe1+ 27. Rxe1 Rb8 28. Re2 Rb4 29. Rd2 a4 30. Kf2 Rc4 31. Ke3 Rc1 32. Nd3 Ra1 33. Nb4 Bd7 34. a3 Be6 35. Nd3 Bd7 36.
Nb4 Be6 37. Nd3 Bd7 38. Nf4 Be6 39. Rc2 g5 40. Ne2 Bd7 41. Nc3 Bc6 42. Re2 Kf6 43. Kd2 Rh1 44. h3 Rg1 45. Ke3 h5 46. Kf2 Rc1 47. Rd2 h4 48. Na2 Bb5 49. Nxc1 1-0

[Event "GrandPrix_30.05"]
[Site "Chess.com"]
[Date "2020.05.30"]
[Round "6"]
[White "swisspower96"]
[Black "gygygygygyggygygygy"]
[Result "1-0"]
[WhiteElo "2334"]
[BlackElo "2056"]
[TimeControl "600+2"]
[EndTime "10:53:02 PDT"]
[Termination "swisspower96 won by resignation"]

1. d4 Nf6 2. c4 e6 3. Nf3 b6 4.
g3 Bb4+ 5. Bd2 Be7 6. Nc3 c6 7. e4 d5 8. Qc2 O-O 9. e5 Nfd7 10. cxd5 cxd5 11. h4 Ba6 12. Nb5 Nc6 13. Qa4 Bb7 14. Bd3 a6 15. Nc3 Nb4 16. Bb1 b5 17. Qd1 f5 18. exf6 Nxf6 19. O-O Ne4 20. Nxe4 dxe4 21. Ng5 Qxd4 22. Nxe6 Qd5 23. Qg4 Rf7 24. Bxb4 Bxb4 25. Ng5 Re7 26. a3 Bd2 27. Ba2 1-0